Map: Dusk Towers

Players

CptButtBeard (CalebAracous)

  • Race: Zerg Zerg
  • League: Grandmaster

Amane - Winner!

  • Race: Protoss Protoss
  • League: Master

VOD

Have the link to the VOD?

Description

Time

  • Played on: April 5, 2016, 11:01 p.m.
  • Length: 19:31
Show
View Real Time Build Order
Export as new Build Order

CptButtBeard Zerg 

Build Orders: Hatch First 

Get SALT Encoding   

  12  0:01  Drone  
  13  0:08  Drone  
  14  0:17  Overlord  
  14  0:22  Extractor  
  14  0:23  Drone  
  15  0:36  Drone x2  
  17  0:52  Hatchery  
  17  0:55  Drone  
  17  1:00  Drone  
  18  1:09  Extractor  
  17  1:14  Spawning Pool  
  17  1:15  Drone  
  17  1:18  Drone  
  18  1:27  Drone  
  19  1:38  Overlord  
  19  1:50  Drone  
  20  2:01  Queen  
  20  2:02  Zergling x2  
  20  2:04  Queen  
  20  2:05  Zergling x2  
  26  2:09  Metabolic Boost  
  26  2:24  Hatchery  
  26  2:27  Drone  
  26  2:32  Drone x2  
  28  2:39  Queen  
  30  2:47  Zergling x4  
  32  2:51  Overlord  
  32  3:14  Drone  
  32  3:15  Drone x9  
  42  3:20  Overlord  
  42  3:27  Queen  
  44  3:37  Extractor  
  44  3:40  Drone x2  
  47  3:44  Queen  
  47  3:46  Lair  
  47  3:53  Drone x4  
  49  4:09  Drone  
  50  4:10  Baneling Nest, Drone x4  
  50  4:11  Drone x3  
  50  4:13  Extractor  
  55  4:19  Overlord  
  55  4:20  Overlord  
  55  4:23  Queen  
  57  4:36  Evolution Chamber  
  57  4:38  Evolution Chamber  
  57  4:42  Drone x5  
  57  4:43  Drone x5  
  66  4:49  Zergling x8  
  70  4:57  Baneling  
  70  4:58  Baneling x4  
  70  5:05  Zergling x6  
  66  5:23  Drone x2  
  66  5:24  Drone  
  66  5:25  Drone x8  
  73  5:34  Zerg Missile Weapons Level 1  
  73  5:39  Hydralisk Den  
  73  5:42  Overlord x2  
  72  5:46  Spore Crawler  
  72  5:48  Spore Crawler  
  70  5:59  Queen x2, Overlord  
  70  6:00  Spore Crawler  
  70  6:02  Overlord  
  70  6:03  Drone  
  74  6:04  Overlord  
  74  6:12  Centrifical Hooks  
  74  6:13  Muscular Augments  
  74  6:20  Queen  
  74  6:21  Drone x6  
  82  6:28  Drone  
  82  6:29  Overlord x2  
  83  6:32  Drone  
  83  6:34  Drone x7  
  83  6:37  Overlord  
  90  6:42  Overlord x2  
  90  6:44  Extractor  
  90  6:45  Queen, Extractor  
  90  6:47  Queen  
  92  6:55  Overlord  
  92  6:59  Hydralisk x4  
  92  7:00  Hatchery  
  99  7:03  Baneling  
  99  7:04  Baneling x5  
  99  7:14  Hydralisk  
  99  7:15  Hydralisk x5  
  89  7:47  Drone x3  
  89  7:49  Hydralisk, Drone  
  89  7:50  Hydralisk x4  
  103  7:55  Queen  
  105  7:59  Extractor  
  105  8:04  Hydralisk x3  
  110  8:06  Queen  
  110  8:07  Zerg Melee Weapons Level 1  
  110  8:11  Zergling x4  
  114  8:19  Drone x3  
  114  8:20  Zergling x6  
  115  8:31  Zergling x10  
  115  8:32  Zergling x2  
  121  8:39  Overseer  
  121  8:40  Zergling x4  
  121  8:41  Zergling x2  
  124  8:45  Drone x2  
  124  8:46  Zergling x4  
  129  8:48  Zergling x2  
  129  8:49  Zergling x4  
  129  8:50  Baneling x4  
  129  8:51  Baneling x2  
  131  8:56  Baneling  
  131  8:57  Baneling x3  
  131  8:59  Drone x3  
  131  9:00  Infestation Pit, Overlord  
  133  9:03  Hatchery  
  133  9:07  Baneling x11  
  133  9:08  Baneling  
  133  9:09  Baneling x2  
  132  9:18  Zergling x18  
  132  9:19  Zergling x12  
  106  9:48  Hydralisk  
  106  9:49  Hydralisk x9  
  110  9:54  Baneling x2  
  110  9:55  Baneling x6  
  110  9:56  Drone x2  
  106  10:04  Hydralisk x3  
  114  10:07  Zergling x2  
  114  10:08  Baneling x2  
  114  10:11  Zergling x6  
  114  10:12  Queen  
  122  10:19  Baneling  
  122  10:20  Baneling x6  
  117  10:24  Drone x5  
  117  10:25  Drone  
  117  10:28  Hydralisk x2  
  121  10:30  Zergling x4  
  121  10:35  Zergling x18  
  131  10:43  Baneling  
  131  10:44  Baneling x9  
  131  10:48  Hydralisk  
  133  10:51  Zergling x8  
  133  10:52  Zergling x4  
  139  10:57  Queen  
  139  10:58  Queen  
  139  11:03  Baneling x9  
  131  11:08  Zergling x2  
  131  11:09  Zergling x14  
  80  11:41  Hydralisk x11  
  80  11:43  Zergling x2  
  80  11:44  Zergling x18  
  108  11:54  Zergling x2  
  108  11:55  Zergling x10  
  108  11:56  Zergling x4  
  116  12:03  Baneling  
  116  12:04  Baneling x12  
  116  12:06  Zergling x10  
  116  12:07  Zergling x2  
  122  12:11  Baneling x4  
  122  12:14  Baneling x2  
  122  12:16  Zergling x2  
  122  12:17  Zergling x8  
  127  12:24  Extractor  
  127  12:25  Extractor  
  125  12:32  Baneling x5  
  124  12:41  Hatchery  
  89  13:01  Hydralisk x10  
  89  13:02  Hydralisk  
  89  13:04  Zergling x4  
  89  13:05  Zergling x4  
  115  13:15  Zergling x2  
  115  13:16  Zergling x14  
  123  13:20  Queen  
  123  13:21  Infestation Pit  
  124  13:30  Baneling x8  
  124  13:40  Baneling x12  
  124  13:41  Baneling x2  
  124  13:43  Zergling x2  
  124  13:44  Zergling x12  
  131  13:50  Queen  
  133  14:07  Hive  
  133  14:09  Drone  
  136  14:10  Drone x5, Spire  
  136  14:14  Baneling  
  136  14:15  Baneling x2  
  136  14:16  Hydralisk x2  
  142  14:29  Overlord  
  142  14:34  Queen  
  142  14:35  Queen  
  142  14:36  Queen  
  142  14:37  Zerg Melee Weapons Level 2  
  148  14:53  Hydralisk  
  148  14:54  Hydralisk x4  
  148  14:56  Overlord x2  
  148  14:57  Overlord  
  148  14:58  Baneling x7  
  158  15:01  Extractor, Drone  
  158  15:02  Extractor  
  157  15:32  Greater Spire  
  146  15:46  Corruptor  
  146  15:47  Corruptor x7  
  138  16:03  Hydralisk x12  
  132  16:09  Hydralisk x2  
  124  16:30  Zergling x10  
  124  16:31  Zergling x2  
  130  16:43  Brood Lord x4  
  130  16:45  Brood Lord  
  140  16:51  Brood Lord  
  140  16:53  Baneling x2  
  140  16:54  Baneling  
  142  17:01  Brood Lord  
  144  17:07  Brood Lord  
  146  17:12  Zergling x2  
  146  17:13  Zergling x8  
  142  17:28  Zergling x14  
  146  17:38  Lurker Den  
  126  17:55  Hydralisk x2  
  126  17:56  Hydralisk x4  
  117  18:18  Zergling x2  
  117  18:19  Zergling x16  
  126  18:43  Hatchery  
  125  18:55  Viper x2  
  125  18:56  Viper  
  128  19:05  Hydralisk x3  
  128  19:09  Lurker  
  131  19:10  Lurker x3  
Show
View Real Time Build Order
Export as new Build Order

Amane Protoss - Winner!

Build Orders: 1 Gate Expand 

Get SALT Encoding   

  12  0:01  Probe (Chrono Boost)  
  13  0:11  Probe (Chrono Boost)  
  14  0:20  Pylon  
  14  0:23  Probe (Chrono Boost)  
  15  0:38  Gateway  
  15  0:39  Probe (Chrono Boost)  
  16  0:44  Assimilator  
  16  0:49  Probe (Chrono Boost)  
  17  1:00  Probe (Chrono Boost)  
  18  1:10  Probe (Chrono Boost)  
  19  1:19  Nexus  
  19  1:28  Cybernetics Core  
  19  1:32  Probe (Chrono Boost)  
  20  1:38  Assimilator  
  20  1:42  Probe (Chrono Boost)  
  21  1:48  Pylon  
  21  1:53  Probe (Chrono Boost)  
  22  2:03  Probe (Chrono Boost)  
  22  2:06  Adept (Chrono Boost), Warp Gate (Chrono Boost)  
  25  2:15  Probe  
  26  2:21  Twilight Council  
  26  2:27  Probe (Chrono Boost)  
  27  2:30  Adept (Chrono Boost)  
  27  2:35  Probe (Chrono Boost)  
  30  2:38  Probe (Chrono Boost)  
  31  2:45  Probe (Chrono Boost)  
  31  2:49  Probe (Chrono Boost)  
  33  2:56  Probe (Chrono Boost)  
  33  2:57  Adept, Resonating Glaives  
  36  3:00  Probe (Chrono Boost)  
  37  3:06  Probe (Chrono Boost)  
  37  3:12  Probe (Chrono Boost)  
  39  3:13  Gateway  
  39  3:17  Probe (Chrono Boost), Gateway  
  40  3:23  Probe (Chrono Boost)  
  40  3:25  Adept  
  43  3:28  Probe (Chrono Boost)  
  43  3:30  Pylon  
  45  3:34  Probe (Chrono Boost)  
  45  3:38  Probe (Chrono Boost)  
  47  3:48  Probe (Chrono Boost)  
  47  3:49  Probe (Chrono Boost)  
  47  3:52  Nexus  
  48  4:03  Probe (Chrono Boost)  
  48  4:04  Probe (Chrono Boost)  
  48  4:05  Pylon  
  49  4:15  Stargate  
  49  4:16  Nexus  
  49  4:17  Stargate  
  49  4:21  Adept x2  
  49  4:23  Adept  
  55  4:25  Mothership Core (Chrono Boost)  
  55  4:30  Probe (Chrono Boost)  
  58  4:32  Pylon  
  58  4:35  Pylon  
  58  4:38  Assimilator  
  58  4:41  Probe (Chrono Boost)  
  58  4:43  Assimilator  
  58  4:45  Probe (Chrono Boost)  
  60  4:51  Probe (Chrono Boost)  
  61  4:56  Probe (Chrono Boost)  
  62  5:05  Probe (Chrono Boost), Phoenix  
  62  5:06  Probe (Chrono Boost), Phoenix  
  66  5:16  Probe (Chrono Boost)  
  66  5:17  Probe (Chrono Boost)  
  64  5:26  Probe (Chrono Boost)  
  64  5:27  Probe (Chrono Boost)  
  58  5:29  Probe (Chrono Boost)  
  58  5:30  Phoenix (Chrono Boost)  
  58  5:31  Phoenix (Chrono Boost)  
  58  5:32  Adept, Assimilator  
  58  5:33  Adept x2  
  69  5:36  Probe (Chrono Boost), Assimilator  
  69  5:38  Probe (Chrono Boost)  
  69  5:40  Probe (Chrono Boost)  
  72  5:47  Probe  
  72  5:48  Probe  
  74  5:51  Probe  
  74  5:55  Phoenix x2 (Chrono Boost)  
  79  6:00  Probe  
  79  6:01  Probe  
  79  6:03  Probe  
  82  6:05  Adept x3  
  82  6:09  Pylon x2  
  82  6:10  Probe  
  88  6:13  Probe  
  88  6:16  Phoenix (Chrono Boost)  
  92  6:27  Phoenix (Chrono Boost), Pylon x2  
  94  6:33  Adept x3  
  94  6:34  Probe  
  94  6:35  Probe x2  
  103  6:45  Probe  
  104  6:47  Probe x2  
  104  6:50  Robotics Facility  
  104  6:53  Robotics Facility  
  106  6:56  Forge, Pylon  
  106  7:00  Probe  
  91  7:42  Immortal x2  
  91  7:43  Gateway  
  95  7:46  Gateway  
  95  7:47  Gateway, Sentry x3  
  95  7:50  Probe  
  102  7:52  Gateway  
  102  7:53  Gateway  
  102  7:54  Gateway  
  102  7:56  Templar Archives  
  102  8:00  Gateway x2  
  102  8:02  Protoss Ground Weapons Level 1  
  102  8:03  Pylon  
  102  8:10  Zealot  
  102  8:11  Zealot x2  
  108  8:20  Psionic Storm  
  108  8:21  Immortal x2  
  116  8:45  Zealot x5  
  126  8:48  Pylon  
  126  8:49  Pylon, High Templar x2  
  126  8:53  Pylon  
  130  8:57  Pylon  
  130  8:58  Pylon  
  130  9:00  Observer  
  130  9:01  Pylon  
  135  9:09  Zealot x6  
  147  9:10  Zealot  
  119  9:43  Zealot x11  
  119  9:45  Probe  
  136  9:47  Probe  
  136  9:49  Robotics Facility  
  135  9:55  Robotics Facility  
  133  10:04  Protoss Ground Weapons Level 2  
  133  10:06  High Templar, Nexus  
  133  10:07  High Templar x3  
  139  10:08  High Templar x2  
  139  10:09  High Templar x2, Pylon  
  139  10:10  Pylon  
  139  10:11  Pylon  
  149  10:14  Archon x2  
  149  10:29  Gateway  
  149  10:35  Zealot x3  
  155  10:42  High Templar x5  
  163  10:44  High Templar  
  163  10:46  Charge  
  163  10:48  Zealot x2  
  171  10:52  Archon x2  
  171  10:53  Archon  
  171  11:03  Zealot x2  
  173  11:15  Pylon  
  173  11:17  Pylon  
  173  11:18  Pylon  
  169  11:19  Pylon  
  169  11:20  Archon  
  169  11:21  Pylon  
  135  11:27  Zealot x3  
  135  11:28  Zealot x8  
  129  11:38  Immortal  
  127  11:53  High Templar  
  127  11:54  High Templar x4  
  131  11:55  Zealot x2  
  131  11:56  Zealot x4  
  131  12:00  Assimilator  
  149  12:05  Assimilator  
  149  12:17  Immortal x2  
  157  12:29  Oracle  
  160  12:37  High Templar  
  160  12:38  High Templar  
  156  12:51  Archon  
  156  12:56  Zealot x2, Immortal x2  
  156  12:57  Zealot x8  
  136  13:23  Protoss Ground Weapons Level 3  
  136  13:24  High Templar x3  
  136  13:25  High Templar x2  
  146  13:35  Immortal  
  146  13:36  Immortal  
  146  13:41  Nexus  
  154  13:42  Pylon  
  154  13:48  Stalker x6  
  166  14:07  Photon Cannon  
  166  14:08  Photon Cannon  
  166  14:15  Photon Cannon, Immortal, Observer  
  171  14:20  Stalker x4  
  179  14:33  Stalker x3  
  179  14:36  Observer  
  186  14:54  Observer  
  186  14:56  High Templar  
  186  14:57  High Templar  
  191  15:00  Stalker x3  
  191  15:01  Stalker  
  146  15:50  High Templar x7  
  146  15:52  Zealot x5  
  146  15:54  Immortal  
  136  16:21  Zealot x5  
  136  16:22  Zealot x6  
  136  16:23  Zealot  
  160  16:35  Immortal x2  
  168  16:43  Assimilator  
  168  16:45  Protoss Shields Level 1  
  168  16:48  Assimilator  
  168  16:52  Photon Cannon  
  168  16:53  Photon Cannon  
  168  16:54  Stalker x5  
  168  17:00  Blink  
  178  17:01  Nexus  
  178  17:23  Zealot x6  
  178  17:24  Zealot x3  
  195  17:37  Dark Shrine  
  161  17:55  Stalker x7  
  155  18:16  Stalker x5  
  163  18:20  High Templar x4  
  155  18:37  Zealot x3  
  161  18:43  Assimilator  
  161  18:46  Stalker x4, Assimilator  
  161  18:47  Stalker  
  171  18:50  Pylon  
  168  19:12  Stalker x6  
Tags
 
Add a new tag
Caveats
  • Supply blocks, unpowered buildings, or Contaminate may cause inaccurate times.
  • Supply counts are checked every 10 seconds.